SA
BELLEVUE BRUINS @ NEBRASKA PLAINSMEN
06/24/2029
 
TOP OF THE 1ST
Bellevue Bruins batting - Pitching for Nebraska Plainsmen : RHP César Román
Pitching: RHP César Román
Batting: LHB Juan Romero 0-0: Called Strike
0-1: Foul Ball, location: 2F
0-2: Strikes out swinging
Batting: RHB Ryan Faulkner 0-0: Ball
1-0: Fly out, F7 (Flyball, 7S)
Batting: SHB Júlio Morín Jr. 0-0: Ball
1-0: Foul Ball, location: 2F
1-1: SINGLE (Flyball, 8RS)
Batting: SHB Aurelio Jiménez 0-0: Ball
1-0: Swinging Strike
1-1: Foul Ball, location: 2F
1-2: Ball
2-2: Foul Ball, location: 2F
2-2: Ball
3-2: Foul Ball, location: 2F
3-2: Ground out 4-3 (Groundball, 4)
Top of the 1st over - 0 runs, 1 hit, 0 errors, 1 left on base; Bellevue 0 - Nebraska 0
BOTTOM OF THE 1ST
Nebraska Plainsmen batting - Pitching for Bellevue Bruins : RHP Claudio Mateo
Pitching: RHP Claudio Mateo
Batting: SHB Cyrille Baffi 0-0: Ball
1-0: Called Strike
1-1: Ball
2-1: SINGLE (Line Drive, 78S)
Batting: LHB Gerardo Ponce de Leon 0-0: Fly out, F8 (Flyball, 8RM)
Batting: SHB Allen Pandey 0-0: Grounds out, U3 (Groundball, 3L)
Batting: RHB Matt Poole 0-0: Ball
1-0: Ball
2-0: Called Strike
2-1: SINGLE (Flyball, 7LS)
Cyrille Baffi to third
Runner from 3rd tries for Home, SAFE, throw made home
Batting: RHB Tatsui Murakami 0-0: Called Strike
0-1: Ball
1-1: Called Strike
1-2: Foul Ball, location: 2F
1-2: Ball
2-2: Strikes out swinging
Bottom of the 1st over - 1 run, 2 hits, 0 errors, 1 left on base; Bellevue 0 - Nebraska 1
TOP OF THE 2ND
Bellevue Bruins batting - Pitching for Nebraska Plainsmen : RHP César Román
Batting: RHB Miguel Elías 0-0: SINGLE (Groundball, 56) (infield hit)
Batting: LHB David Muller 0-0: Ball
1-0: SINGLE (Groundball, 4S) (infield hit)
Miguel Elías to second
Batting: LHB Domingo Colón 0-0: Swinging Strike
0-1: Foul Ball, location: 2F
0-2: Ball
1-2: Strikes out swinging
Batting: RHB Ramón Ramírez 0-0: Ball
1-0: Foul Ball, location: 2F
1-1: Ball
2-1: SINGLE (Groundball, 56) (infield hit)
Miguel Elías to third
David Muller to second
Batting: RHB Dennis Shaw 0-0: Ball
1-0: Called Strike
1-1: Ball
2-1: Called Strike
2-2: DOUBLE (Line Drive, 78D)
Miguel Elías scores
David Muller scores
Ramón Ramírez to third
Batting: LHB Juan Romero 0-0: Called Strike
0-1: Foul Ball, location: 2F
0-2: Ball
1-2: Strikes out swinging
Batting: RHB Ryan Faulkner 0-0: Swinging Strike
0-1: Fly out, F8 (Line Drive, 78S)
Top of the 2nd over - 2 runs, 4 hits, 0 errors, 2 left on base; Bellevue 2 - Nebraska 1
BOTTOM OF THE 2ND
Nebraska Plainsmen batting - Pitching for Bellevue Bruins : RHP Claudio Mateo
Batting: RHB Dan Hendricks 0-0: Ball
1-0: Foul Ball, location: 2F
1-1: Ball
2-1: Foul Ball, location: 2F
2-2: Fly out, F8 (Flyball, 89M)
Batting: SHB José Muñóz 0-0: Ball
1-0: Ball
2-0: Ball
3-0: Base on Balls
Batting: RHB Lorenzo Martínez 0-0: Called Strike
0-1: Ball
1-1: Ball
2-1: Swinging Strike
2-2: Ball
3-2: SINGLE (Groundball, 4MD)
José Muñóz to second
Runner from 2nd tries for 3rd, SAFE, no throw
Batting: RHB José Durán 0-0: Foul Ball, location: 2F
0-1: SINGLE (Line Drive, 4D)
José Muñóz scores
Lorenzo Martínez to second
Batting: SHB Cyrille Baffi 0-0: Ball
1-0: Fly out, F8 (Flyball, 8LM)
Batting: LHB Gerardo Ponce de Leon 0-0: Ball
1-0: Fly out, F9 (Line Drive, 9)
Bottom of the 2nd over - 1 run, 2 hits, 0 errors, 2 left on base; Bellevue 2 - Nebraska 2
TOP OF THE 3RD
Bellevue Bruins batting - Pitching for Nebraska Plainsmen : RHP César Román
Batting: SHB Júlio Morín Jr. 0-0: Hit by Pitch
Pinch Runner at 1st Ken Paige:
Batting: SHB Aurelio Jiménez 0-0: Called Strike
0-1: Swinging Strike
0-2: Foul Ball, location: 2F
0-2: Ball
1-2: Strikes out swinging
Batting: RHB Miguel Elías 0-0: Called Strike
0-1: Ball
1-1: Fly out, F4 (Line Drive, 4M)
Batting: LHB David Muller 0-0: Ball
1-0: Foul Ball, location: 2F
1-1: Called Strike
1-2: SINGLE (Groundball, 3S) (infield hit)
Ken Paige to second
Batting: LHB Domingo Colón 0-0: SINGLE (Line Drive, 56D)
Ken Paige to third
David Muller to second
Runner from 3rd tries for Home, SAFE, no throw
Batting: RHB Ramón Ramírez 0-0: Called Strike
0-1: Swinging Strike
0-2: SINGLE (Line Drive, 8LS)
David Muller to third
Domingo Colón to second
Runner from 3rd tries for Home, SAFE, no throw
Batting: RHB Dennis Shaw 0-0: Ball
1-0: Ball
2-0: SINGLE (Line Drive, 7LS)
Domingo Colón to third
Ramón Ramírez to second
Throwing error, E7
Domingo Colón scores
Ramón Ramírez to third
Dennis Shaw to second
Batting: LHB Juan Romero 0-0: Ball
1-0: SINGLE (Groundball, 34) (infield hit)
Ramón Ramírez scores
Dennis Shaw to third
Batting: RHB Ryan Faulkner 0-0: Called Strike
0-1: Swinging Strike
0-2: Strikes out swinging
Top of the 3rd over - 4 runs, 5 hits, 1 error, 2 left on base; Bellevue 6 - Nebraska 2
BOTTOM OF THE 3RD
Nebraska Plainsmen batting - Pitching for Bellevue Bruins : RHP Claudio Mateo
Now at 1B: Ken Paige
Batting: SHB Allen Pandey 0-0: Ground out 4-3 (Groundball, 4)
Batting: RHB Matt Poole 0-0: Ball
1-0: Ball
2-0: Foul Ball, location: 2F
2-1: SINGLE (Line Drive, 4MD)
Batting: RHB Tatsui Murakami 0-0: Ball
1-0: Foul Ball, location: 2F
1-1: Ball
2-1: Ball
3-1: Called Strike
3-2: Strikes out swinging
Matt Poole is caught stealing 2nd base
Batter strikes out.
Bottom of the 3rd over - 0 runs, 1 hit, 0 errors, 0 left on base; Bellevue 6 - Nebraska 2
TOP OF THE 4TH
Bellevue Bruins batting - Pitching for Nebraska Plainsmen : RHP César Román
Batting: SHB Ken Paige 0-0: Called Strike
0-1: Ball
1-1: SINGLE (Groundball, 34D)
Batting: SHB Aurelio Jiménez 0-0: Ball
1-0: Swinging Strike
1-1: Ball
2-1: Ball
3-1: Swinging Strike
3-2: Strikes out looking
Batting: RHB Miguel Elías 0-0: Ball
1-0: Foul Ball, location: 2F
1-1: Reached on error, E5 (Groundball, 5)
Ken Paige to second
Batting: LHB David Muller 0-0: SINGLE (Groundball, 34S) (infield hit)
Ken Paige to third
Miguel Elías to second
Batting: LHB Domingo Colón 0-0: Ball
1-0: Fly out, F9 (Flyball, 9LSF)
Runner from 3rd tags up, SCORES, no throw
Batting: RHB Ramón Ramírez 0-0: Ball
1-0: Fly out, F7 (Line Drive, 7D)
Top of the 4th over - 1 run, 2 hits, 1 error, 2 left on base; Bellevue 7 - Nebraska 2
BOTTOM OF THE 4TH
Nebraska Plainsmen batting - Pitching for Bellevue Bruins : RHP Claudio Mateo
Batting: RHB Dan Hendricks 0-0: Foul Ball, location: 2F
0-1: Ground out 6-3 (Groundball, 6)
Batting: SHB José Muñóz 0-0: Ball
1-0: Ball
2-0: Called Strike
2-1: Swinging Strike
2-2: Strikes out swinging
Batting: RHB Lorenzo Martínez 0-0: Called Strike
0-1: SINGLE (Groundball, 6MD)
Batting: RHB José Durán 0-0: Called Strike
0-1: Swinging Strike
0-2: Strikes out looking
Bottom of the 4th over - 0 runs, 1 hit, 0 errors, 1 left on base; Bellevue 7 - Nebraska 2
TOP OF THE 5TH
Bellevue Bruins batting - Pitching for Nebraska Plainsmen : RHP César Román
Batting: RHB Dennis Shaw 0-0: Fly out, F7 (Flyball, 7LMF)
Batting: LHB Juan Romero 0-0: Ground out U3 (Groundball, 34)
Batting: RHB Ryan Faulkner 0-0: Called Strike
0-1: Swinging Strike
0-2: Strikes out swinging
Top of the 5th over - 0 runs, 0 hits, 0 errors, 0 left on base; Bellevue 7 - Nebraska 2
BOTTOM OF THE 5TH
Nebraska Plainsmen batting - Pitching for Bellevue Bruins : RHP Claudio Mateo
Batting: SHB Cyrille Baffi 0-0: Called Strike
0-1: Ball
1-1: Ball
2-1: Ball
3-1: Base on Balls
Batting: LHB Gerardo Ponce de Leon 0-0: Foul Ball, location: 2F
0-1: Fly out, F7 (Flyball, 7LM)
Batting: SHB Allen Pandey 0-0: Grounds into double play, 5-4-3 (Groundball, 56)
Bottom of the 5th over - 0 runs, 0 hits, 0 errors, 0 left on base; Bellevue 7 - Nebraska 2
TOP OF THE 6TH
Bellevue Bruins batting - Pitching for Nebraska Plainsmen : RHP César Román
Batting: SHB Ken Paige 0-0: Ball
1-0: Ball
2-0: Foul Ball, location: 2F
2-1: Swinging Strike
2-2: Foul Ball, location: 2F
2-2: Ball
3-2: Base on Balls
Batting: SHB Aurelio Jiménez 0-0: Foul Ball, location: 2F
0-1: Ball
1-1: Ball
2-1: Foul Ball, location: 2F
2-2: Ball
3-2: Foul Ball, location: 2F
3-2: Ground out U3 (Groundball, 3S)
Ken Paige to second
Batting: RHB Miguel Elías 0-0: Swinging Strike
0-1: Fly out, F9 (Flyball, 89D)
Batting: LHB David Muller 0-0: Ball
1-0: Ball
2-0: Ball
3-0: Base on Balls
Batting: LHB Domingo Colón 0-0: Ball
1-0: Ball
2-0: SINGLE (Groundball, 34D)
Ken Paige to third
David Muller to second
Pitching: LHP Rodrige Margalha
Batting: RHB Ramón Ramírez 0-0: Called Strike
0-1: Foul Ball, location: 2F
0-2: Foul Ball, location: 2F
0-2: Ball
1-2: Strikes out looking
Top of the 6th over - 0 runs, 1 hit, 0 errors, 3 left on base; Bellevue 7 - Nebraska 2
BOTTOM OF THE 6TH
Nebraska Plainsmen batting - Pitching for Bellevue Bruins : RHP Claudio Mateo
Batting: RHB Matt Poole 0-0: Ball
1-0: Fly out, F9 (Flyball, 89D)
Batting: RHB Tatsui Murakami 0-0: Ball
1-0: Ball
2-0: Fly out, F8 (Flyball, 8RS)
Batting: RHB Dan Hendricks 0-0: Foul Ball, location: 2F
0-1: Ball
1-1: Fly out, F9 (Flyball, 89M)
Bottom of the 6th over - 0 runs, 0 hits, 0 errors, 0 left on base; Bellevue 7 - Nebraska 2
TOP OF THE 7TH
Bellevue Bruins batting - Pitching for Nebraska Plainsmen : LHP Rodrige Margalha
Batting: RHB Dennis Shaw 0-0: Ball
1-0: Fly out, F9 (Flyball, 9S)
Batting: LHB Juan Romero 0-0: Foul Ball, location: 2F
0-1: SINGLE (Flyball, 78M)
Batting: RHB Ryan Faulkner 0-0: Ball
1-0: SINGLE (Line Drive, 8LS)
Juan Romero to second
Batting: SHB Ken Paige 0-0: Called Strike
0-1: Ball
1-1: Called Strike
1-2: Reached on error, E6 (Groundball, 56)
Juan Romero to third
Ryan Faulkner to second
Batting: SHB Aurelio Jiménez 0-0: Called Strike
0-1: Ball
1-1: Foul Ball, location: 2F
1-2: Strikes out swinging
Batting: RHB Miguel Elías 0-0: Called Strike
0-1: Fly out, F7 (Flyball, 78S)
Top of the 7th over - 0 runs, 2 hits, 1 error, 3 left on base; Bellevue 7 - Nebraska 2
BOTTOM OF THE 7TH
Nebraska Plainsmen batting - Pitching for Bellevue Bruins : RHP Claudio Mateo
Batting: SHB José Muñóz 0-0: Ground out 3-1 (Groundball, 34S)
Batting: RHB Lorenzo Martínez 0-0: Called Strike
0-1: Swinging Strike
0-2: Ground out 5-3 (Groundball, 56)
Batting: RHB José Durán 0-0: Ground out 6-3 (Groundball, 6M)
Bottom of the 7th over - 0 runs, 0 hits, 0 errors, 0 left on base; Bellevue 7 - Nebraska 2
TOP OF THE 8TH
Bellevue Bruins batting - Pitching for Nebraska Plainsmen : LHP Rodrige Margalha
Batting: LHB David Muller 0-0: Foul Ball, location: 2F
0-1: Foul Ball, location: 2F
0-2: Ball
1-2: Strikes out swinging
Batting: LHB Domingo Colón 0-0: Foul Ball, location: 2F
0-1: Ball
1-1: Fly out, F7 (Line Drive, 7)
Batting: RHB Ramón Ramírez 0-0: Ball
1-0: Ball
2-0: Foul Ball, location: 2F
2-1: Foul Ball, location: 2F
2-2: Foul Ball, location: 2F
2-2: DOUBLE (Line Drive, 7LM)
Batting: RHB Dennis Shaw 0-0: Ball
1-0: Fly out, F7 (Flyball, 7LDF)
Top of the 8th over - 0 runs, 1 hit, 0 errors, 1 left on base; Bellevue 7 - Nebraska 2
BOTTOM OF THE 8TH
Nebraska Plainsmen batting - Pitching for Bellevue Bruins : RHP Claudio Mateo
Batting: SHB Cyrille Baffi 0-0: Called Strike
0-1: Foul Ball, location: 2F
0-2: SINGLE (Groundball, 4MD)
Batting: LHB Gerardo Ponce de Leon 0-0: Ball
1-0: Fielders Choice at 2nd, 6-4 (Groundball, 6)
Batting: SHB Allen Pandey 0-0: Swinging Strike
0-1: Swinging Strike
0-2: Ball
1-2: Strikes out swinging
Batting: RHB Matt Poole 0-0: SINGLE (Groundball, 6S) (infield hit)
Gerardo Ponce de Leon to second
Batting: RHB Tatsui Murakami 0-0: Called Strike
0-1: Foul Ball, location: 2F
0-2: Strikes out swinging
Bottom of the 8th over - 0 runs, 2 hits, 0 errors, 2 left on base; Bellevue 7 - Nebraska 2
TOP OF THE 9TH
Bellevue Bruins batting - Pitching for Nebraska Plainsmen : LHP Rodrige Margalha
Pitching: RHP Nick Kelley
Batting: LHB Juan Romero 0-0: Ball
1-0: Swinging Strike
1-1: Fly out, F6 (Popup, 6)
Batting: RHB Ryan Faulkner 0-0: Ball
1-0: Foul Ball, location: 2F
1-1: Swinging Strike
1-2: Foul Ball, location: 2F
1-2: Hit by Pitch
Batting: SHB Ken Paige 0-0: Called Strike
0-1: Foul Ball, location: 2F
0-2: Ball
1-2: Strikes out swinging
Batting: SHB Aurelio Jiménez 0-0: Ball
1-0: Ball
2-0: Called Strike
2-1: Ball
3-1: Base on Balls
Ryan Faulkner to second
Batting: RHB Miguel Elías 0-0: Called Strike
0-1: Foul Ball, location: 2F
0-2: Foul Ball, location: 2F
0-2: Strikes out swinging
Top of the 9th over - 0 runs, 0 hits, 0 errors, 2 left on base; Bellevue 7 - Nebraska 2
BOTTOM OF THE 9TH
Nebraska Plainsmen batting - Pitching for Bellevue Bruins : RHP Claudio Mateo
Batting: RHB Dan Hendricks 0-0: Swinging Strike
0-1: Ball
1-1: Ball
2-1: Called Strike
2-2: Strikes out swinging
Batting: SHB José Muñóz 0-0: Foul Ball, location: 2F
0-1: Foul Ball, location: 2F
0-2: Strikes out looking
Batting: RHB Lorenzo Martínez 0-0: Called Strike
0-1: Ball
1-1: Fly out, F3 (Popup, 3F)
Bottom of the 9th over - 0 runs, 0 hits, 0 errors, 0 left on base; Bellevue 7 - Nebraska 2
Tuesday, December 19th, 2017 - OOTP Baseball 18.8 Build 76